 Dungeon Crawl Stone Soup version 0.24-a0-439-g6dd8730de2 (webtiles) character file.

Game seed: 16549113562953396432

5558 KristoblXynda the Carver (level 10, -21/90 HPs)
             Began as a Green Draconian Gladiator on June 18, 2019.
             Was a Follower of Ashenzari.
             Demolished by a phantasmal warrior (34 damage)
             ... led by a death knight
             ... on level 9 of the Dungeon.
             The game lasted 00:16:22 (8714 turns).

KristoblXynda the Carver (DrGl)                     Turns: 8714, Time: 00:16:22

Health: -21/90     AC: 12    Str: 17    XL:     10   Next: 44%
Magic:  11/11      EV: 16    Int: 11    God:    Ashenzari [*.....]
Gold:   498        SH:  0    Dex: 13    Spells: 9/9 levels left

rFire    . . .     SeeInvis .   z - +3 scimitar (holy)
rCold    . . .     Gourm    .   (no shield)
rNeg     . . .     Faith    .   (armour unavailable)
rPois    +         Spirit   .   b - +1 hat
rElec    .         Reflect  .   u - +0 cloak
rCorr    .         Harm     .   (no gloves)
MR       +....                  (no boots)
Stlth    +.........             r - amulet of the acrobat
HPRegen  0.25/turn              h - ring of protection from magic
MPRegen  0.12/turn              y - +3 ring of protection

@: lethally poisoned (-21 -> -27), short of breath
A: breathe noxious fumes, unfitting armour, poison resistance, cold-blooded, AC
+7
a: Breathe Noxious Fumes, Curse Item, Scrying, Renounce Religion


You were on level 9 of the Dungeon.
You worshipped Ashenzari.
Ashenzari was aware of your devotion.
You were very hungry.

You visited 1 branch of the dungeon, and saw 9 of its levels.
You also visited: Ossuary.

You collected 498 gold pieces.

Inventory:

Hand Weapons
 a - a +0 long sword
 z - a +3 scimitar of holy wrath (weapon)
Missiles
 c - 3 throwing nets (quivered)
Armour
 b - a +1 hat (worn)
 u - a +0 cloak (worn)
Jewellery
 h - a ring of protection from magic (left hand)
 j - a +2 ring of protection
 r - an amulet of the acrobat (around neck)
 y - a +3 ring of protection (right hand)
Wands
 e - a wand of iceblast (9)
 w - a wand of digging (1)
 x - a wand of paralysis (19)
Scrolls
 g - 5 scrolls of remove curse
 i - a scroll of enchant armour
 m - 5 scrolls of teleportation
 n - 4 scrolls of magic mapping
 p - a scroll of fear
 t - a scroll of blinking
 A - 2 scrolls of immolation
 B - 4 scrolls of fog
Potions
 f - a potion of mutation
 k - a potion of resistance
 l - 2 potions of haste
 o - a potion of cancellation
 q - 3 potions of magic
 s - 5 potions of curing
 D - 2 potions of brilliance
 E - a potion of flight
Comestibles
 d - 9 rations


   Skills:
 + Level 8.8 Fighting
 + Level 11.1 Long Blades
 - Level 2.0 Throwing
 + Level 7.7 Dodging
 + Level 2.2 Evocations


You had 9 spell levels left.
You didn't know any spells.
Your spell library contained the following spells:

 Spells                   Type           Power        Failure   Level  Hunger
 Beastly Appendage        Tmut           #.....       34%         1    ##.....
 Magic Dart               Conj           #...         34%         1    ##.....
 Blink                    Tloc           N/A          47%         2    ###....
 Call Imp                 Summ           #.......     47%         2    ###....
 Passwall                 Tmut/Erth      #.......     47%         2    ###....
 Slow                     Hex            #.......     47%         2    ###....
 Conjure Flame            Conj/Fire      #.......     71%         3    ####...
 Lesser Beckoning         Tloc           #.........   71%         3    ####...
 Mephitic Cloud           Conj/Pois/Air  #.......     71%         3    ####...
 Teleport Other           Tloc           #.......     71%         3    ####...
 Yara's Violent Unravell  Hex/Tmut       #.........   100%        5    ######.
 Hydra Form               Tmut           #.........   100%        6    #######


Dungeon Overview and Level Annotations

Branches:
Dungeon (9/15)             Temple (0/1) D:7
   Lair: D:8-11         Orc: D:9-12

Altars:
Ashenzari
Dithmenos
Fedhas
Kikubaaqudgha
Nemelex Xobeh
Ru
Sif Muna
Trog
Uskayaw
Yredelemnul
Zin


Innate Abilities, Weirdness & Mutations

You can breathe blasts of noxious fumes.
Your lurid green scales are hard. (AC +7)
You cannot fit into any form of body armour.
Your system is resistant to poisons. (rPois)
You are cold-blooded and may be slowed by cold attacks.


Message History

The death knight is heavily wounded.
The death knight hits you with a +4 halberd of venom!
The phantasmal warrior closely misses you.
You catch the helpless death knight completely off-guard!
You hit the death knight.
The death knight is heavily wounded.
The phantasmal warrior hits you!!
The death knight hits you with a +4 halberd of venom!!
* * * LOW HITPOINT WARNING * * *
You are poisoned.
You feel sick.
You feel sick.
You feel sick.
You feel sick.
There is a stone staircase leading up here.
You feel much better.
You feel sick.
The death knight seems less confused.
The phantasmal warrior hits you!
* * * LOW HITPOINT WARNING * * *
You feel sick. The phantasmal warrior hits you!!
You die...

#### ....##
#...... #....#
######....#
#.........#
#.........#
#@W.p.....#
#.zz......#
#........<#
#####.##### #.#
#.# ## #z# #.
..#######.####
#.
..zzp........###
#.


You could see a death knight, 2 skeletal warriors and a phantasmal warrior.

Vanquished Creatures
  The ghost of Eptagon the Ruffian, a novice TrFi of Cheibriados (D:7)
  A phantasmal warrior (D:9)
  Joseph (D:8)
  Maurice (D:9)
  Grinder (D:6)
  A meliai (shapeshifter) (D:8)
  Eustachio (D:5)
  Menkaure (D:7)
  2 orc warriors
  3 phantoms
  2 sky beasts
  4 ice beasts
  5 ogres
  3 bullfrogs
  3 scorpions
  3 killer bees (D:7)
  A howler monkey (D:6)
  4 crimson imps
  A centaur zombie (D:5)
  5 quasits
  4 hounds
  A human zombie (Ossuary)
  6 orc priests
  A bullfrog skeleton (D:9)
  2 jellies
  5 orc wizards
  An iguana (D:6)
  3 worker ants
  2 big kobold zombies (Ossuary)
  3 hound zombies (Ossuary)
  4 mummies (Ossuary)
  Robin (D:2)
  A worker ant zombie (D:9)
  A howler monkey zombie (D:5)
  12 adders
  2 shadow imps (D:8)
  An ooze (D:5)
  3 adder zombies
  3 adder skeletons
  3 worms
  A dart slug (D:2)
  3 leopard geckos
  19 orcs
  A ball python (D:1)
  9 giant cockroaches
  A gnoll zombie (Ossuary)
  6 goblins
  7 hobgoblins
  17 jackals
  3 kobolds (D:2)
  5 quokkas
  6 bats
  5 frilled lizards
  A hobgoblin zombie (Ossuary)
  A kobold zombie (Ossuary)
  A leopard gecko skeleton (D:5)
  A leopard gecko zombie (D:5)
  9 rats
  A rat zombie (Ossuary)
200 creatures vanquished.

Notes
Turn   | Place    | Note
-------+----------+-------------------------------------------
     0 | D:1      | KristoblXynda the Draconian Gladiator began the quest for
                  | the Orb.
     0 | D:1      | Reached XP level 1. HP: 17/17 MP: 1/1
   240 | D:1      | Reached XP level 2. HP: 24/24 MP: 2/2
   557 | D:2      | Reached XP level 3. HP: 15/30 MP: 3/3
   917 | D:2      | Found a faded altar of an unknown god.
   947 | D:2      | Noticed Robin
   959 | D:2      | Killed Robin
   959 | D:2      | Reached skill level 4 in Long Blades
   959 | D:2      | Reached XP level 4. HP: 22/37 MP: 4/4
  1685 | D:3      | Found a deep blue altar of Sif Muna.
  1827 | D:4      | Noticed a phantom
  1956 | D:4      | Killed a phantom
  1956 | D:4      | Reached skill level 5 in Long Blades
  1956 | D:4      | Reached XP level 5. HP: 6/45 MP: 5/5
  2285 | D:4      | Noticed an ogre
  2299 | D:4      | Killed an ogre
  2299 | D:4      | Reached XP level 6. HP: 23/52 MP: 6/6
  2750 | D:4      | Reached skill level 6 in Long Blades
  2750 | D:4      | Your scales start taking on a lurid green colour.
  2750 | D:4      | Reached XP level 7. HP: 40/60 MP: 7/7
  2750 | D:4      | Gained mutation: Your system is resistant to poisons.
                  | (rPois) [Green Draconian growth]
  3050 | D:4      | Found a sparkling altar of Nemelex Xobeh.
  3407 | D:5      | Entered Level 5 of the Dungeon
  3459 | D:5      | Reached skill level 5 in Fighting
  3566 | D:5      | Reached skill level 7 in Long Blades
  3590 | D:5      | Reached skill level 5 in Dodging
  3598 | D:5      | Reached XP level 8. HP: 23/68 MP: 8/8
  3828 | D:5      | Noticed a moth of wrath
  3831 | D:5      | Found a bloodstained altar of Trog.
  3874 | D:5      | Noticed Eustachio
  3951 | D:5      | Killed Eustachio
  3979 | D:5      | Found a basalt altar of Yredelemnul.
  4439 | D:5      | Reached skill level 8 in Long Blades
  4727 | D:6      | Found a shattered altar of Ashenzari.
  4727 | D:6      | Found a sacrificial altar of Ru.
  4727 | D:6      | Found a hide-covered altar of Uskayaw.
  4732 | D:6      | Became a worshipper of Ashenzari the Shackled
  4805 | D:6      | Noticed Grinder
  4824 | D:6      | Paralysed by Grinder for 4 turns
  4841 | D:6      | Killed Grinder
  5067 | D:6      | Found a blossoming altar of Fedhas.
  5067 | D:6      | Found an ancient bone altar of Kikubaaqudgha.
  5072 | D:6      | Reached XP level 9. HP: 78/78 MP: 9/9
  5159 | D:6      | Found a shadowy altar of Dithmenos.
  5396 | D:6      | Reached skill level 9 in Long Blades
  5538 | D:7      | Found a staircase to the Ecumenical Temple.
  5629 | D:7      | Found a glowing silver altar of Zin.
  5642 | D:7      | Found a transporter.
  5670 | D:7      | Found a sand-covered staircase.
  5676 | Ossuary  | Entered an ossuary
  5676 | Ossuary  | Reached * piety under Ashenzari
  6413 | D:7      | Found a transporter.
  6414 | D:7      | Identified the Collected Works on the Shifting Voyage
  6416 | D:7      | Noticed Eptagon's ghost (novice TrFi)
  6478 | D:7      | Killed Eptagon's ghost
  6478 | D:7      | Reached skill level 10 in Long Blades
  6728 | D:7      | Noticed Menkaure
  6736 | D:7      | Killed Menkaure
  7482 | D:8      | Noticed Joseph
  7501 | D:8      | Killed Joseph
  7501 | D:8      | Reached XP level 10. HP: 50/88 MP: 10/10
  8100 | D:9      | Noticed Maurice
  8130 | D:9      | Killed Maurice
  8130 | D:9      | Reached skill level 1 in Evocations
  8261 | D:9      | Reached skill level 11 in Long Blades
  8311 | D:9      | Noticed a skeletal warrior
  8311 | D:9      | Noticed a skeletal warrior
  8311 | D:9      | Noticed a phantasmal warrior
  8311 | D:9      | Noticed a phantasmal warrior
  8312 | D:9      | Noticed a death knight
  8333 | D:9      | Killed a phantasmal warrior
  8714 | D:9      | Demolished by a phantasmal warrior

Levels and vault maps discovered:
D:1:      minmay_arrival_stair_chambers, layout_basic
D:2:      layout_basic, chequers_ecumenical_altar_simple, minmay_tall_x,
          uniq_robin
D:3:      layout_basic, lemuel_coloured_pillars_altar, first_ration
D:4:      layout_loops_ring, nemelex_spade_bored_becter
D:5:      layout_rooms, tgw_trog, kennysheep_mini_moat, uniq_eustachio
D:6:      layout_loops_cross, grunt_temple_overflow_growth_and_decay,
          gammafunk_temple_overflow_forgotten, overflow_temple_1_default,
          uniq_grinder
D:7:      layout_basic, overflow_temple_1_default, minmay_temple_entry_arrows,
          nicolae_ossuary_entry_plus, gammafunk_ghost_stat_death, uniq_menkaure
D:8:      layout_loops_ring, uniq_joseph
D:9:      layout_roguey, nicolae_overflow_hidden_temple, grunt_pizzeria,
          uniq_maurice

Skill      XL: |  1  2  3  4  5  6  7  8  9 10 |
---------------+-------------------------------+-----
Throwing       | 2 |  2.0
Dodging        | 3 4 5 6 7 |  7.7
Long Blades    | 4 5 6 7 8 10 11 | 11.1
Fighting       | 3 4 5 6 8 |  8.8
Evocations     | 2 |  2.2

Action                   |  1- 3 |  4- 6 |  7- 9 | 10-12 || total
-------------------------+-------+-------+-------+-------++-------
Melee: Long sword        |   108 |   122 |   223 |       ||   453
       Tailslap          |    15 |    18 |    71 |    13 ||   117
       Scimitar          |       |       |   146 |    85 ||   231
Throw: Dart              |    10 |     5 |     9 |       ||    24
 Abil: Breathe Noxious F |       |       |     7 |     3 ||    10
  Use: Potion            |       |     2 |     3 |     1 ||     6
       Scroll            |       |     3 |    18 |     1 ||    22
 Stab: Sleeping          |       |     2 |     3 |       ||     5
       Confused          |       |       |     4 |     3 ||     7
  Eat: Chunk             |       |     6 |     4 |     3 ||    13
       Ration            |       |       |     4 |       ||     4
Armor: Skin              |    37 |    39 |   154 |    22 ||   252
Dodge: Dodged            |    86 |    84 |   422 |    83 ||   675
       Rpst.: Long sword |    28 |    27 |    85 |       ||   140
       Scimitar          |       |       |    47 |    20 ||    67

Table legend:
 A = Non-vault XP
 B = Vault XP
 C = Vault XP percentage of total XP
 D = Non-vault monster count
 E = Vault monster count
 F = Vault count percentage of total count
                 A         B        C        D         E       F
            +---------+---------+-------+---------+---------+-------
      Total |    5059 |    2881 |  36.3 |     158 |      42 |  21.0
            +---------+---------+-------+---------+---------+-------
        D:1 |      20 |       0 |   0.0 |      12 |       0 |   0.0
        D:2 |      61 |      58 |  48.7 |      24 |      11 |  31.4
        D:3 |      45 |       0 |   0.0 |      12 |       0 |   0.0
        D:4 |     858 |       0 |   0.0 |      19 |       0 |   0.0
        D:5 |     774 |     205 |  20.9 |      33 |       6 |  15.4
        D:6 |     677 |     290 |  30.0 |      17 |       1 |   5.6
        D:7 |     860 |    1173 |  57.7 |      12 |       6 |  33.3
        D:8 |     525 |     460 |  46.7 |      10 |       1 |   9.1
        D:9 |    1239 |     449 |  26.6 |      19 |       1 |   5.0
    Ossuary |       0 |     246 | 100.0 |       0 |      16 | 100.0
            +---------+---------+-------+---------+---------+-------
